Map: Blackburn LE

Players

Cham

  • Race: Zerg Zerg
  • League: Master

Kelazhur - Winner!

  • Race: Terran Terran

Event: DreamHack SC2 Masters 2021 Summer

VOD

Have the link to the VOD?

Description

Time

  • Played on: May 20, 2021, 3:29 p.m.
  • Length: 14:35

All games in this series

Show
View Real Time Build Order
Export as new Build Order

Cham Zerg 

Build Orders: Hatch First, Lurkers 

Get SALT Encoding   

  12  0:00  Drone  
  13  0:08  Drone  
  14  0:20  Overlord  
  14  0:23  Extractor, Drone  
  15  0:38  Drone  
  16  0:48  Hatchery  
  15  0:52  Drone  
  15  0:55  Drone  
  17  1:00  Drone  
  18  1:09  Extractor  
  17  1:13  Spawning Pool  
  17  1:17  Drone  
  17  1:21  Drone  
  18  1:28  Drone  
  19  1:41  Drone  
  20  1:49  Drone  
  21  2:01  Queen x2  
  23  2:02  Zergling x4  
  27  2:10  Drone  
  27  2:14  Metabolic Boost  
  28  2:18  Overlord  
  28  2:27  Spore Crawler  
  28  2:36  Hatchery  
  27  2:43  Queen  
  29  2:44  Drone x3  
  32  2:56  Drone x3  
  35  3:01  Overlord, Drone  
  35  3:06  Overlord  
  35  3:25  Overlord  
  35  3:29  Drone x5  
  40  3:38  Drone  
  41  3:42  Overlord  
  41  3:43  Drone x6  
  41  3:46  Queen  
  49  3:50  Queen  
  49  3:54  Queen  
  53  3:57  Overlord  
  53  4:01  Drone x2  
  53  4:02  Drone  
  56  4:06  Drone x2  
  58  4:16  Baneling Nest, Drone x5  
  62  4:19  Overlord  
  62  4:22  Drone  
  63  4:27  Spine Crawler  
  63  4:30  Queen  
  64  4:31  Overlord  
  64  4:37  Extractor  
  63  4:39  Zergling x8  
  63  4:41  Zergling x2  
  63  4:42  Overlord  
  63  4:44  Overlord  
  68  4:55  Overlord  
  68  4:56  Zergling x4, Drone x3  
  68  4:57  Drone  
  74  5:01  Baneling x2  
  74  5:02  Zergling x2, Baneling x4  
  74  5:03  Zergling x6  
  74  5:06  Drone x2  
  80  5:11  Drone  
  79  5:20  Zergling x2  
  75  5:23  Drone x6  
  75  5:27  Drone  
  79  5:35  Zergling x2  
  77  5:39  Drone x2  
  77  5:40  Hatchery  
  77  5:42  Lair  
  74  5:43  Spore Crawler  
  74  5:45  Spore Crawler, Drone x2  
  74  5:50  Extractor x2  
  74  5:51  Drone  
  74  5:52  Drone  
  72  5:57  Drone  
  72  6:00  Drone  
  73  6:07  Drone x2  
  75  6:11  Overlord, Evolution Chamber  
  75  6:12  Evolution Chamber  
  75  6:18  Drone x5  
  78  6:25  Overlord  
  78  6:28  Extractor  
  78  6:31  Overlord  
  77  6:34  Zergling x6  
  77  6:36  Zergling x4  
  77  6:39  Overlord x4  
  82  6:42  Centrifical Hooks  
  82  6:47  Zergling x8  
  85  6:49  Overlord  
  85  6:53  Zergling x4  
  85  6:54  Zergling x4  
  90  6:55  Hatchery  
  90  6:57  Zerg Ground Armor Level 1  
  90  6:58  Zerg Melee Weapons Level 1  
  88  7:02  Drone x3  
  88  7:06  Baneling x3  
  88  7:07  Baneling x4  
  91  7:10  Drone  
  91  7:11  Drone x7  
  91  7:12  Drone  
  91  7:13  Drone  
  101  7:16  Overlord  
  101  7:25  Drone x3  
  101  7:26  Drone  
  104  7:31  Overlord  
  104  7:32  Drone  
  104  7:33  Hydralisk Den  
  104  7:39  Overlord  
  104  7:41  Zergling x8, Hatchery  
  107  7:45  Overlord  
  107  7:48  Zergling x10  
  107  7:49  Zergling x4  
  114  7:51  Overlord  
  114  7:52  Overlord  
  114  7:54  Baneling x4  
  114  7:55  Zergling x2  
  115  7:59  Overlord x2  
  115  8:00  Overlord  
  115  8:04  Zergling x2  
  116  8:10  Overlord, Extractor  
  116  8:11  Grooved Spines  
  116  8:12  Hydralisk x4  
  117  8:18  Overlord  
  123  8:26  Drone x7  
  123  8:27  Hydralisk x2, Drone  
  127  8:28  Hydralisk x2  
  127  8:33  Hydralisk  
  127  8:34  Zergling x2  
  130  8:36  Overseer  
  130  8:37  Overseer  
  130  8:39  Zergling x10  
  130  8:43  Zergling x8  
  130  8:44  Zergling x2  
  130  8:48  Zergling x8  
  139  8:53  Zergling x6  
  141  8:56  Zerg Ground Armor Level 2, Infestation Pit  
  141  9:00  Zerg Melee Weapons Level 2  
  136  9:07  Zergling x22  
  136  9:08  Zergling x2  
  147  9:14  Zergling x8  
  151  9:17  Baneling x2  
  151  9:18  Baneling x2  
  151  9:22  Zergling x10, Muscular Augments  
  156  9:24  Baneling x9  
  156  9:25  Baneling x2  
  156  9:30  Drone  
  153  9:34  Zergling x14  
  152  9:48  Zergling x4  
  152  9:49  Zergling x18  
  152  9:50  Hatchery  
  157  9:52  Zergling x2  
  157  9:53  Zergling x6, Baneling  
  157  9:54  Baneling x10  
  159  10:02  Drone x8  
  159  10:04  Overlord  
  159  10:06  Hive  
  164  10:09  Lurker Den, Drone x5  
  164  10:13  Baneling  
  164  10:14  Baneling x4  
  168  10:15  Hydralisk, Baneling  
  168  10:16  Hydralisk x2  
  168  10:18  Hydralisk  
  169  10:32  Zergling x14  
  172  10:39  Zergling x4  
  172  10:40  Zergling x8  
  175  10:46  Overseer  
  172  10:51  Zergling x14  
  179  11:01  Extractor  
  179  11:02  Overlord, Extractor  
  177  11:05  Drone x3  
  177  11:06  Drone x3  
  177  11:07  Zergling x14  
  177  11:09  Lurker  
  177  11:10  Baneling x6  
  191  11:13  Baneling x3  
  191  11:16  Zergling x8  
  191  11:18  Adaptive Talons  
  195  11:20  Overlord  
  195  11:26  Overlord  
  195  11:28  Zergling x8  
  195  11:29  Baneling x2  
  195  11:30  Baneling x4  
  156  11:43  Lurker x2  
  156  11:44  Viper  
  156  11:46  Zergling x4  
  156  11:47  Zergling x14  
  164  11:49  Lurker  
  164  11:50  Zergling x10  
  160  12:09  Zergling x8  
  160  12:10  Zergling x10  
  160  12:15  Seismic Spines  
  146  12:17  Zergling x10  
  151  12:25  Zergling x8  
  151  12:26  Zergling x6  
  151  12:27  Lurker x6  
  164  12:31  Baneling x5  
  164  12:32  Zergling x12  
  168  12:41  Zergling x10  
  170  12:46  Zergling x6  
  170  12:49  Overseer  
  167  12:56  Zergling x12  
  167  12:57  Hatchery  
  167  12:58  Baneling x10  
  171  12:59  Zergling x4  
  171  13:02  Zergling x2  
  171  13:03  Zergling x4  
  171  13:19  Baneling x3  
  163  13:20  Baneling  
  163  13:21  Hydralisk x8  
  163  13:22  Zergling x6  
  175  13:27  Queen  
  175  13:31  Zergling x16  
  169  13:44  Zergling x8  
  169  13:47  Viper x2  
  163  13:50  Lurker x4  
  163  13:51  Zergling x8  
  171  13:57  Zergling x8  
  171  13:59  Lurker x2  
  177  14:03  Overseer  
  177  14:08  Extractor  
  177  14:09  Hydralisk x2, Extractor  
  170  14:10  Zergling x14  
  170  14:14  Hatchery  
  170  14:15  Zergling x2  
  161  14:17  Lurker x2  
Show
View Real Time Build Order
Export as new Build Order

Kelazhur Terran - Winner!

Build Orders:  

Get SALT Encoding   

  12  0:00  SCV  
  13  0:12  SCV  
  14  0:17  Supply Depot  
  14  0:24  SCV  
  15  0:38  SCV  
  15  0:40  Barracks  
  16  0:44  Refinery  
  16  0:50  SCV  
  17  1:00  Barracks  
  17  1:03  SCV  
  18  1:15  SCV  
  19  1:27  Orbital Command, Reaper  
  19  1:30  Supply Depot  
  20  1:48  Reaper  
  21  1:54  SCV  
  22  2:04  Reaper  
  22  2:06  SCV  
  24  2:10  Command Center  
  24  2:17  Refinery  
  24  2:18  SCV  
  24  2:22  Marine  
  26  2:30  SCV  
  27  2:37  Marine  
  27  2:42  Factory  
  27  2:43  SCV  
  29  2:55  Barracks Reactor, SCV  
  30  3:07  SCV  
  31  3:15  Supply Depot  
  31  3:22  Marine, SCV  
  31  3:23  Orbital Command  
  33  3:30  Starport  
  33  3:34  SCV  
  33  3:38  Hellion x2, Marine  
  33  3:39  Marine  
  40  3:46  SCV  
  41  3:54  Supply Depot  
  41  3:57  Marine  
  41  3:58  Marine, SCV  
  41  3:59  Hellion x2  
  41  4:01  SCV  
  49  4:02  Armory  
  49  4:07  Medivac  
  51  4:10  SCV  
  51  4:15  Marine, SCV  
  54  4:17  Supply Depot  
  54  4:22  Hellion  
  54  4:23  Hellion, SCV  
  59  4:27  SCV  
  60  4:35  SCV  
  61  4:39  SCV  
  61  4:41  Supply Depot  
  61  4:42  Liberator  
  61  4:45  Barracks Tech Lab  
  65  4:47  SCV  
  65  4:52  SCV  
  68  5:00  SCV  
  68  5:04  SCV  
  69  5:11  Command Center  
  69  5:12  SCV  
  66  5:16  SCV  
  67  5:24  SCV  
  67  5:27  Barracks, Stimpack  
  64  5:28  Barracks, Starport Reactor  
  64  5:29  SCV  
  55  5:36  SCV  
  55  5:40  Factory Reactor, Marine  
  55  5:41  SCV  
  52  5:46  Engineering Bay, Refinery x2  
  52  5:47  Engineering Bay  
  52  5:48  SCV  
  52  5:53  Supply Depot, SCV  
  53  6:00  SCV  
  53  6:02  Marine x3  
  57  6:05  Barracks, SCV  
  58  6:12  SCV  
  58  6:13  Medivac x2  
  58  6:15  Terran Infantry Weapons Level 1, Terran Infantry Armor Level 1  
  58  6:17  SCV  
  64  6:23  Marine x2  
  64  6:24  SCV  
  68  6:25  Orbital Command  
  68  6:26  Factory Reactor  
  68  6:29  SCV  
  68  6:30  Marine x3  
  72  6:34  Barracks Reactor  
  72  6:36  SCV  
  72  6:41  Marine, SCV  
  72  6:43  Marine, Supply Depot  
  75  6:48  Marine x2, SCV  
  75  6:51  Orbital Command  
  75  6:54  Supply Depot, SCV  
  79  6:55  Marine  
  79  7:00  Medivac x2, Barracks Reactor  
  84  7:02  Marine x2  
  84  7:04  SCV  
  84  7:06  Refinery, Command Center  
  87  7:11  Marine x4  
  87  7:12  SCV  
  87  7:13  Marine  
  93  7:16  Supply Depot, SCV  
  93  7:18  SCV  
  95  7:28  Marine  
  95  7:29  Marine x5  
  96  7:30  Combat Shield  
  96  7:31  SCV  
  96  7:32  SCV  
  96  7:35  Marine  
  96  7:36  Sensor Tower  
  99  7:39  Medivac, Widow Mine x2  
  99  7:41  Marine  
  106  7:50  Marine x4  
  106  7:51  Marine x3  
  113  8:01  Marine x2  
  113  8:04  Factory  
  115  8:07  Widow Mine x2  
  115  8:08  Medivac, Marine x4  
  125  8:15  Supply Depot, Marine x2  
  125  8:17  Terran Infantry Armor Level 2  
  125  8:18  Supply Depot  
  127  8:23  Terran Infantry Weapons Level 2  
  124  8:35  Marine x8  
  124  8:36  Marine  
  124  8:37  Widow Mine x2  
  132  8:49  Factory Tech Lab  
  132  8:51  Medivac x2  
  132  8:53  Marine  
  132  8:54  Marine x7  
  135  9:02  Marine  
  135  9:09  Widow Mine x3  
  138  9:11  Marine x4  
  138  9:12  Marine x2  
  138  9:13  Refinery, SCV x2  
  138  9:14  SCV  
  147  9:19  Marine  
  148  9:25  SCV  
  148  9:26  Supply Depot  
  148  9:27  Supply Depot  
  148  9:30  Siege Tank  
  152  9:45  Marine x4  
  141  9:46  Marauder, Marine x4  
  141  9:47  Medivac x2  
  141  9:50  Widow Mine x2  
  155  9:54  Planetary Fortress, Supply Depot  
  155  9:55  Supply Depot  
  147  10:02  Siege Tank  
  147  10:03  Marine x5  
  154  10:10  Marine  
  154  10:11  Command Center, Marauder  
  154  10:12  Marine  
  158  10:15  Supply Depot  
  158  10:16  Marine  
  158  10:19  Medivac x2  
  159  10:33  Marine  
  159  10:34  Drilling Claws, Marauder, Marine x4  
  163  10:37  Siege Tank  
  163  10:38  Widow Mine x2  
  170  10:46  Marine  
  170  10:49  Medivac x2  
  175  10:53  Marine x7  
  175  10:55  Marauder  
  184  11:00  Supply Depot  
  184  11:03  Marine  
  185  11:10  Command Center, Marine  
  185  11:11  Marine x2  
  186  11:14  Terran Infantry Weapons Level 3  
  186  11:16  Widow Mine, Marauder  
  186  11:17  Siege Tank, Widow Mine  
  195  11:19  Marine x2  
  195  11:24  Marine  
  197  11:37  Marine  
  197  11:38  Widow Mine, Marine  
  182  11:40  Widow Mine  
  182  11:44  Marine  
  182  11:45  Marauder, Marine x5  
  188  11:52  Medivac  
  188  11:53  Medivac  
  191  11:55  Marine  
  191  11:56  Factory, Marine  
  192  12:02  Marine, SCV x3  
  192  12:06  Marauder  
  177  12:20  Marine x5  
  177  12:22  SCV x2  
  184  12:23  SCV  
  184  12:27  Marauder  
  187  12:33  Marine  
  187  12:34  Marine x2  
  190  12:38  Marine  
  186  12:44  Marine x4  
  186  12:45  Factory Tech Lab  
  186  12:46  Siege Tank  
  186  12:48  Barracks  
  186  12:50  Barracks  
  193  12:53  Orbital Command  
  193  12:55  Orbital Command  
  193  13:03  Widow Mine x2  
  197  13:08  Siege Tank  
  197  13:13  Marine  
  197  13:14  Marauder  
  197  13:15  Marine  
  197  13:18  Marine  
  192  13:20  Marine x5  
  192  13:22  Medivac x2  
  199  13:31  Marine  
  199  13:33  Marine  
  187  13:35  Siege Tank, Widow Mine x2  
  187  13:36  Marauder, Marine  
  187  13:45  Marine x5  
  187  13:47  Siege Tank  
  178  13:49  Marine  
  178  13:51  Marine  
  178  13:54  Barracks Tech Lab x2, Marine  
  181  13:57  Marauder, Ghost Academy  
  181  14:01  Barracks  
  183  14:03  Widow Mine x2, Marine  
  188  14:14  Command Center  
Tags
 
Add a new tag
Caveats
  • Supply blocks, unpowered buildings, or Contaminate may cause inaccurate times.
  • Supply counts are checked every 10 seconds.